 Dungeon Crawl Stone Soup version 0.22.1-2-g9c5b331383 (webtiles) character file.

147499 JOKERXD40 the Warrior (level 16, -12/165 HPs)
             Began as a Minotaur Berserker on Nov 17, 2018.
             Was the Champion of Trog.
             Blown up by an orb spider (45 damage)
             ... with an orb of destruction
             ... on level 4 of the Spider Nest.
             The game lasted 01:26:29 (25842 turns).

JOKERXD40 the Warrior (Minotaur Berserker)         Turns: 25842, Time: 01:26:30

Health: -12/165    AC: 24    Str: 26    XL:     16   Next: 62%
Magic:  5/5        EV: 20    Int:  4    God:    Trog [******]
Gold:   1329       SH:  0    Dex: 24    Spells: 15/15 levels left

rFire    + . .     SeeInvis +   b - +4 executioner's axe (antimagic)
rCold    + + +     Gourm    +   (shield currently unavailable)
rNeg     + . .     Faith    .   Z - +0 plate armour
rPois    +         Spirit   .   i - -2 hat of the Alchemist {rElec rPois rF+ rC+ rN+ MR+ rMut rCorr}
rElec    +         Reflect  .   e - +4 cloak of Puab {rC++ rCorr Str+2 SInv}
rCorr    +         Harm     .   A - +0 pair of gloves {Str+3}
rMut     +                      E - +0 pair of boots
MR       ++...                  X - amulet of the gourmand
Stlth    ..........             F - ring of protection from cold
HPRegen  0.37/turn              V - +6 ring of dexterity
MPRegen  0.09/turn

@: studying Shields
A: retaliatory headbutt, horns 2
}: 1/15 runes: decaying
a: Berserk, Trog's Hand, Brothers in Arms, Renounce Religion


You were on level 4 of the Spider Nest.
You worshipped Trog.
Trog was exalted by your worship.
You were not hungry.

You visited 5 branches of the dungeon, and saw 28 of its levels.
You also visited: Ice Cave.

You collected 2984 gold pieces.
You spent 1655 gold pieces at shops.

Inventory:

Hand Weapons
 a - a +4 battleaxe of flaming
 b - a +4 antimagic executioner's axe (weapon)
 J - a +1 broad axe of chopping
Missiles
 f - 597 stones
 M - 27 tomahawks (quivered)
Armour
 e - the +4 cloak of Puab (worn) {rC++ rCorr Str+2 SInv}
   (You found it on level 6 of the Lair of Beasts)

   It affects your strength (+2).
   It greatly protects you from cold.
   It lets you see invisible.
   It provides partial protection from all sources of acid and corrosion.
 i - the -2 hat of the Alchemist (worn) {rElec rPois rF+ rC+ rN+ MR+ rMut rCorr}
   (You bought it in a shop on level 9 of the Dungeon)

   It protects you from fire.
   It protects you from cold.
   It insulates you from electricity.
   It protects you from poison.
   It protects you from negative energy.
   It affects your resistance to hostile enchantments.
   It provides partial protection from all sources of acid and corrosion.
   It protects you from mutation.
 A - a +0 pair of gloves of strength (worn)
 E - a +0 pair of boots (worn)
 S - a +0 large shield
 Z - a +0 plate armour (worn)
Jewellery
 v - a +2 amulet of reflection
 y - an uncursed ring of resist corrosion
 F - a ring of protection from cold (left hand)
 Q - a +1 ring of evasion
 V - a +6 ring of dexterity (right hand)
 X - an amulet of the gourmand (around neck)
Wands
 r - a wand of random effects (48)
 t - a wand of enslavement (62)
 B - a wand of iceblast (22)
 I - a wand of acid (5)
 W - a wand of digging (36)
Scrolls
 d - 10 scrolls of remove curse
 j - 5 scrolls of identify
 k - 9 scrolls of teleportation
 l - 5 scrolls of enchant weapon
 n - 5 scrolls of immolation
 u - 4 scrolls of magic mapping
 x - 2 scrolls of blinking
 G - 2 scrolls of fear
 K - a scroll of torment
 R - a scroll of enchant armour
 T - a scroll of brand weapon {unknown}
 Y - a scroll of vulnerability
Potions
 g - 7 potions of brilliance
 h - 3 potions of cancellation
 m - 2 potions of ambrosia
 o - 2 potions of resistance
 p - 8 potions of heal wounds
 q - 2 potions of lignification
 s - 2 potions of mutation {unknown}
 w - a potion of degeneration {unknown}
 z - 13 potions of curing
 C - 4 potions of flight
 D - a potion of invisibility {unknown}
 L - a potion of might {unknown}
 N - 4 potions of haste
 P - 3 potions of agility
 U - a potion of magic {unknown}
Books
 O - a manual of Shields
Miscellaneous
 H - a phantom mirror
Comestibles
 c - 20 rations


   Skills:
 + Level 20.3 Fighting
 + Level 15.8 Axes
 * Level 16.6 Armour
 * Level 15.4 Dodging


You had 15 spell levels left.
You didn't know any spells.
Your spell library was empty.

Dungeon Overview and Level Annotations

Branches:
Dungeon (12/15)            Temple (0/1) D:7            Lair (6/6) D:10
  Swamp (4/4) Lair:3       Spider (4/4) Lair:3        Slime (0/5) Lair:5
    Orc (2/2) D:11            Elf (0/3) Orc:2

Altars:
Ashenzari
Cheibriados
Dithmenos
Gozag
Hepliaklqana
Nemelex Xobeh
Trog
Xom
Zin
The Shining One

Shops:
D:6 [   D:7 :!==*   D:9 *(*   D:11 (   Orc:2 %%((


Innate Abilities, Weirdness & Mutations

You reflexively headbutt those who attack you in melee.
You have a pair of horns on your head.


Message History

The orb spider weaves a glowing orb of energy.
An orb of destruction comes into view.
The wavering orb of destruction hits you!
You slice the orb spider!!
The orb spider's magic leaks into the air.
The orb spider is severely wounded.
The orb spider weaves a glowing orb of energy.
An orb of destruction comes into view.
The orb spider falters for a moment.
The orb spider weaves a glowing orb of energy. x2 2 orbs of destruction come into view.
You slice the orb spider!!
You kill the orb spider!
Trog accepts your kill. The orb of destruction hits you!
The orb spider pulsates with a strange energy.
The orb of destruction hits you!
* * * LOW HITPOINT WARNING * * *
The orb of destruction hits you!
You die...

#... .^#.#^### ..#..
...^...#
........#....#
...#.....^.....#
#.........#...=.#
.........#...^#^..#.#
.....#........?.^..).#
....#..#...#..$§@§§s#
...%.....^.#s§.§...#
#.....#.#.^..§...##
#..#......#.§§.###
..#.^........s§..#
..$.#.....^..§#..#
...^...<.^^^#....#
.#.....†.#..#..^.#
#....#.........#.#


You could see 3 orb spiders.

Vanquished Creatures
  Gastronok (Lair:1)
  2 thorn hunters
  A frost giant (IceCv)
  Louise (Swamp:3)
  An emperor scorpion (Spider:3)
  A very ugly thing (Swamp:4)
  3 dire elephants (Lair:6)
  2 entropy weavers (Spider:2)
  The ghost of Peloso the Carver, a journeyman MiFi of Okawaru (D:12)
  An ettin (Orc:2)
  Josephine (Lair:6)
  21 hydras
  10 alligators
  A ghost crab (Swamp:3)
  Erica (Lair:1)
  An anaconda (Lair:6)
  A death yak (IceCv)
  An orc high priest (Orc:2)
  A dancing weapon (D:12)
  2 spriggans (Swamp:4)
  11 swamp dragons
  2 spriggan druids
  18 wolf spiders
  7 orb spiders
  An oklob plant (Lair:1)
  3 ugly things (D:12)
  5 orc sorcerers
  14 elephants
  A cyclops (D:11)
  A moth of wrath (Spider:3)
  A centaur zombie (D:12)
  Psyche (D:8)
  3 black mambas
  An ice statue (IceCv)
  A torpor snail (Spider:3)
  15 spiny frogs
  A kobold demonologist (D:12)
  A rime drake (Lair:6)
  8 demonic crawlers
  5 komodo dragons
  15 polar bears
  14 jumping spiders
  2 trolls
  Prince Ribbit (Lair:1)
  7 tyrant leeches
  8 bog bodies
  7 dream sheep
  18 blink frogs
  7 hippogriffs
  4 hornets
  54 redbacks
  22 tarantellas
  A shadow (Swamp:4)
  3 wraiths (Lair:6)
  53 yaks
  A wyvern (Lair:6)
  3 fire elementals (Spider:1)
  3 basilisks
  15 vampire mosquitoes
  A hungry ghost (D:8)
  A warg (Orc:1)
  9 swamp worms
  12 insubstantial wisps
  4 water moccasins
  2 hell hounds (Spider:1)
  11 porcupines
  17 orc warriors
  10 ice beasts
  9 swamp drakes
  A sky beast (D:9)
  3 black bears
  A necrophage (D:8)
  4 phantoms
  7 ogres
  22 wolves
  10 centaurs
  12 crocodiles
  Blork the orc (D:6)
  16 bullfrogs
  3 big kobolds
  6 scorpions
  3 wights (D:6)
  3 howler monkeys
  An electric eel (Lair:4)
  7 crimson imps
  A bullfrog zombie (D:10)
  2 quasits
  2 centaur skeletons
  6 hounds
  5 jellies
  18 orc wizards
  20 orc priests
  3 bullfrog skeletons
  7 iguanas
  Terence (D:2)
  5 worker ants
  A howler monkey skeleton (D:5)
  Robin (D:3)
  3 gnolls (D:2)
  13 adders
  2 river rats (D:4)
  2 shadow imps
  An ooze (D:3)
  An adder zombie (D:8)
  5 worms
  3 dart slugs
  8 leopard geckos
  72 orcs
  A ball python (D:1)
  3 bats
  8 giant cockroaches
  17 goblins
  5 hobgoblins
  14 jackals
  9 kobolds
  5 quokkas
  3 frilled lizards
  A jackal skeleton (D:8)
  A leopard gecko skeleton (D:4)
  2 quokka skeletons
  8 rats
  5 briar patches (Swamp:2)
  8 fungi
  9 plants
849 creatures vanquished.

Vanquished Creatures (collateral kills)
  Azrael (Spider:1)
  A hydra (Swamp:4)
  A two-headed ogre (D:9)
  A spriggan (Swamp:3)
  An orc knight (Orc:2)
  A troll (D:10)
  A hornet (Swamp:3)
  2 polar bears (IceCv)
  3 yaks
  A basilisk (Lair:3)
  A fire elemental (Spider:1)
  A hell hound (Spider:1)
  An eye of draining (D:10)
  3 wolves (Lair:3)
  A crocodile (Lair:3)
  A big kobold (D:11)
  An orc priest (Orc:2)
  An orc wizard (Orc:2)
  4 orcs (Orc:2)
27 creatures vanquished.

Vanquished Creatures (others)
  A spriggan druid (Swamp:4)
  A swamp dragon (Swamp:4)
  An orb spider (Spider:4)
  2 jumping spiders (Spider:1)
  A hornet (Swamp:4)
  A redback (Spider:1)
  A swamp worm (Swamp:3)
  A wolf (IceCv)
  8 fungi
  13 plants
30 creatures vanquished.

Grand Total: 906 creatures vanquished

Notes
Turn   | Place    | Note
-------+----------+-------------------------------------------
     0 | D:1      | JOKERXD40 the Minotaur Berserker began the quest for the
                  | Orb.
     0 | D:1      | Reached XP level 1. HP: 19/19 MP: 0/0
   225 | D:1      | Reached XP level 2. HP: 27/27 MP: 1/1
   784 | D:2      | Noticed Terence
   789 | D:2      | Killed Terence
   789 | D:2      | Reached skill level 4 in Fighting
   789 | D:2      | Reached XP level 3. HP: 33/33 MP: 2/2
  1236 | D:2      | Reached XP level 4. HP: 41/41 MP: 3/3
  1412 | D:2      | Found an opulent altar of Gozag.
  1413 | D:2      | Found a sparkling altar of Nemelex Xobeh.
  1416 | D:2      | Reached ** piety under Trog
  1567 | D:3      | Reached XP level 5. HP: 47/47 MP: 4/4
  1578 | D:3      | Reached skill level 5 in Fighting
  1715 | D:3      | Noticed Robin
  1728 | D:3      | Killed Robin
  1763 | D:3      | Reached skill level 5 in Axes
  1972 | D:3      | Reached *** piety under Trog
  2070 | D:3      | Found a glowing golden altar of the Shining One.
  2262 | D:4      | Reached XP level 6. HP: 55/56 MP: 5/5
  2457 | D:4      | Reached skill level 6 in Fighting
  2599 | D:4      | Reached XP level 7. HP: 40/64 MP: 6/6
  3302 | D:4      | Found a hazy altar of Hepliaklqana.
  4016 | D:5      | Entered Level 5 of the Dungeon
  4096 | D:5      | Reached skill level 7 in Fighting
  4140 | D:5      | Reached skill level 5 in Armour
  4144 | D:5      | Reached **** piety under Trog
  4167 | D:5      | Reached skill level 5 in Dodging
  4245 | D:5      | Found a glowing silver altar of Zin.
  4246 | D:5      | Noticed an angel
  4438 | D:5      | Reached XP level 8. HP: 74/74 MP: 7/7
  4738 | D:6      | Reached skill level 8 in Fighting
  4869 | D:6      | Noticed Blork the orc
  4881 | D:6      | Killed Blork the orc
  4958 | D:6      | Reached skill level 9 in Fighting
  5075 | D:6      | Found Orreroin's Antique Armour Emporium.
  5086 | D:6      | Bought a pair of embroidered gloves for 180 gold pieces
  5387 | D:7      | Found Nisyck Tutz's Distillery.
  5389 | D:7      | Found Zozeunn's Jewellery Shop.
  5393 | D:7      | Found Cedwaol's Jewellery Emporium.
  5403 | D:7      | Reached XP level 9. HP: 84/84 MP: 8/8
  5412 | D:7      | Reached ***** piety under Trog
  5461 | D:7      | Bought a potion of heal wounds for 75 gold pieces
  5471 | D:7      | Bought a +2 amulet of reflection for 90 gold pieces
  5675 | D:7      | Found Epoyw's Book Shop.
  5916 | D:7      | Found a staircase to the Ecumenical Temple.
  6038 | D:7      | Found Agenise's Assorted Antiques.
  6115 | D:8      | Reached skill level 10 in Fighting
  6318 | D:8      | Found a shadowy altar of Dithmenos.
  6318 | D:8      | Noticed Psyche
  6324 | D:8      | Killed Psyche
  6559 | D:8      | Reached skill level 11 in Fighting
  6781 | D:8      | Reached XP level 10. HP: 82/96 MP: 9/9
  7052 | D:9      | Found a shattered altar of Ashenzari.
  7143 | D:9      | Found Miewost's Weapon Shop.
  7157 | D:9      | Noticed a two-headed ogre
  7164 | D:9      | Killed a two-headed ogre
  7220 | D:9      | Found Ifut Tosk's Assorted Antiques.
  7313 | D:9      | Found Wetzipla's General Store.
  7369 | D:9      | Received a gift from Trog
  7645 | D:10     | Entered Level 10 of the Dungeon
  7670 | D:10     | Found a staircase to the Lair.
  7682 | D:10     | Reached skill level 12 in Fighting
  7889 | D:10     | Noticed a five-headed hydra
  7897 | D:10     | Killed an eight-headed hydra
  8374 | D:10     | Reached XP level 11. HP: 106/106 MP: 10/10
  9009 | D:11     | Reached skill level 10 in Axes
  9010 | D:11     | Found a staircase to the Orcish Mines.
  9134 | D:11     | Reached skill level 13 in Fighting
  9713 | D:11     | Found Qinemusa's Weapon Shop.
  9722 | D:11     | Bought a +1 broad axe of chopping for 130 gold pieces
  9844 | D:11     | Noticed a three-headed hydra
  9850 | D:11     | Killed a four-headed hydra
  9998 | Lair:1   | Entered Level 1 of the Lair of Beasts
 10051 | Lair:1   | Noticed Erica
 10070 | Lair:1   | Killed Erica
 10070 | Lair:1   | Reached skill level 10 in Armour
 10136 | Lair:1   | Noticed Gastronok
 10148 | Lair:1   | Killed Gastronok
 10148 | Lair:1   | Reached skill level 14 in Fighting
 10275 | Lair:1   | Noticed an oklob plant
 10298 | Lair:1   | Killed an oklob plant
 10333 | Lair:1   | Noticed Prince Ribbit
 10341 | Lair:1   | Killed Prince Ribbit
 10842 | Lair:2   | Reached skill level 10 in Dodging
 10943 | Lair:2   | Reached XP level 12. HP: 118/118 MP: 11/11
 10945 | Lair:2   | Noticed a six-headed hydra
 10968 | Lair:2   | Killed a three-headed hydra
 11263 | Lair:2   | Reached skill level 15 in Fighting
 11293 | Lair:2   | Found a labyrinth entrance.
 11333 | Lair:2   | Noticed a seven-headed hydra
 11344 | Lair:2   | Killed a one-headed hydra
 11956 | Lair:3   | Found a hole to the Spider Nest.
 12100 | Lair:3   | Found a staircase to the Swamp.
 12514 | Lair:3   | Found a shattered altar of Ashenzari.
 13032 | Lair:4   | Found a frozen archway.
 13071 | IceCv    | Entered an ice cave
 13479 | IceCv    | Reached skill level 16 in Fighting
 13549 | IceCv    | Received a gift from Trog
 13549 | IceCv    | Reached XP level 13. HP: 115/128 MP: 12/12
 13903 | IceCv    | Noticed a frost giant
 13919 | IceCv    | Killed a frost giant
 14402 | Lair:4   | Found a snail-covered altar of Cheibriados.
 15056 | Lair:5   | Found a staircase to the Slime Pits.
 15214 | Lair:5   | Reached skill level 17 in Fighting
 15682 | Lair:6   | Entered Level 6 of the Lair of Beasts
 16316 | Lair:6   | Reached XP level 14. HP: 140/140 MP: 13/13
 16324 | Lair:6   | Noticed Josephine
 16341 | Lair:6   | Killed Josephine
 16341 | Lair:6   | Received a gift from Trog
 16811 | Lair:6   | Found the +7 lajatang of Order {silver, rMut}
 16833 | Lair:6   | Reached skill level 18 in Fighting
 17194 | Lair:6   | Got a faintly humming cloak
 17205 | Lair:6   | Identified the +4 cloak of Puab {rC++ rCorr Str+2 SInv}
                  | (You found it on level 6 of the Lair of Beasts)
 17462 | D:9      | Bought the -2 hat of the Alchemist {rElec rPois rF+ rC+ rN+
                  | MR+ rMut rCorr} for 1180 gold pieces
 17462 | D:9      | Found the -2 hat of the Alchemist {rElec rPois rF+ rC+ rN+
                  | MR+ rMut rCorr}
 18138 | D:12     | Found a shimmering altar of Xom.
 18139 | D:12     | Found a runed door.
 18139 | D:12     | Noticed Peloso's ghost (journeyman MiFi)
 18155 | D:12     | Killed Peloso's ghost
 18658 | Orc:1    | Entered Level 1 of the Orcish Mines
 18880 | Orc:2    | Entered Level 2 of the Orcish Mines
 18945 | Orc:2    | Reached ****** piety under Trog
 18945 | Orc:2    | Received a gift from Trog
 19237 | Orc:2    | Found Jaetod's Weapon Emporium.
 19237 | Orc:2    | Found Dairroxo's Food Shoppe.
 19238 | Orc:2    | Found Cial's Food Shoppe.
 19241 | Orc:2    | Found Henir's Weapon Emporium.
 19319 | Orc:2    | Found a staircase to the Elven Halls.
 19354 | Orc:2    | Found a bloodstained altar of Trog.
 19605 | Swamp:1  | Entered Level 1 of the Swamp
 19873 | Swamp:1  | Received a gift from Trog
 19984 | Swamp:2  | Noticed a thorn hunter
 19985 | Swamp:2  | Reached skill level 19 in Fighting
 19994 | Swamp:2  | Killed a thorn hunter
 20234 | Swamp:3  | Noticed a thorn hunter
 20243 | Swamp:3  | Killed a thorn hunter
 20243 | Swamp:3  | Reached XP level 15. HP: 125/152 MP: 14/14
 20652 | Swamp:4  | Entered Level 4 of the Swamp
 20875 | Swamp:4  | Received a gift from Trog
 21613 | Swamp:3  | Noticed Louise
 21625 | Swamp:3  | Killed Louise
 21812 | Swamp:4  | Reached skill level 15 in Axes
 21818 | Swamp:4  | Reached skill level 15 in Armour
 22591 | Swamp:4  | Got a decaying rune of Zot
 22746 | Spider:1 | Entered Level 1 of the Spider Nest
 22757 | Spider:1 | Reached skill level 20 in Fighting
 23069 | Spider:1 | Reached XP level 16. HP: 127/162 MP: 5/15
 23849 | Spider:1 | Noticed Azrael
 23855 | Spider:1 | Killed Azrael
 23858 | Spider:1 | Received a gift from Trog
 24495 | Spider:2 | Reached skill level 15 in Dodging
 25541 | Spider:4 | Entered Level 4 of the Spider Nest
 25842 | Spider:4 | Blown up by an orb spider

Skill      XL: |  1  2  3  4  5  6  7  8  9 10 11 12 13 14 15 16 |
---------------+-------------------------------------------------+-----
Axes           | 4 5 6 7 8 9 11 12 13 14 15 | 15.8
Fighting       | 4 5 6 7 9 11 12 14 16 17 19 20 | 20.3
Armour         | 3 4 5 6 8 9 10 11 13 14 15 16 | 16.6
Dodging        | 3 4 5 6 7 8 10 11 12 13 14 15 | 15.4

Action                   |  1- 3 |  4- 6 |  7- 9 | 10-12 | 13-15 | 16-18 || total
-------------------------+-------+-------+-------+-------+-------+-------++-------
Melee: Hand axe          |    64 |    94 |       |       |       |       ||   158
       Headbutt          |    11 |    30 |    56 |   129 |   272 |    69 ||   567
       War axe           |       |    73 |   308 |   196 |       |       ||   577
       Broad axe         |       |       |       |   278 |   105 |       ||   383
       Falchion          |       |       |       |    16 |       |       ||    16
       Battleaxe         |       |       |       |       |   680 |       ||   680
       Executioner's axe |       |       |       |       |    77 |   205 ||   282
Throw: Stone             |    15 |    11 |    10 |     2 |       |       ||    38
       Tomahawk          |       |       |       |     3 |     4 |    10 ||    17
Invok: Berserk           |     2 |     3 |     5 |     6 |    15 |     5 ||    36
       Brothers in Arms  |       |       |       |     7 |     5 |     1 ||    13
       Trog's Hand       |       |       |       |       |     2 |     1 ||     3
Evoke: Wand              |       |       |       |       |     1 |       ||     1
  Use: Scroll            |       |     1 |     5 |    12 |    10 |     5 ||    33
       Potion            |       |       |       |     1 |       |       ||     1
 Stab: Distracted        |       |       |       |     3 |     1 |       ||     4
  Eat: Chunk             |     1 |     9 |     9 |    15 |    15 |       ||    49
       Ration            |       |       |     4 |     5 |    10 |     4 ||    23
Armor: Chain mail        |    22 |    93 |   181 |   334 |    89 |       ||   719
       Plate armour      |       |       |       |       |   421 |   184 ||   605
Dodge: Dodged            |    21 |    67 |   148 |   410 |   860 |   320 ||  1826
Block: Other             |       |       |     7 |    50 |    79 |    20 ||   156
       Reflection        |       |       |     1 |     1 |     2 |       ||     4
       Rpst.: Falchion   |       |       |       |     2 |       |       ||     2
